 Dungeon Crawl Stone Soup version 0.17.1-1-g73c8601 (webtiles) character file.

1523 Mysteryquy the Ruffian (level 8, -3/80 HPs)
             Began as a Troll Monk on Jan 6, 2016.
             Slain by Mysteryquy's ghost (18 damage)
             ... on level 6 of the Dungeon.
             The game lasted 00:12:09 (4091 turns).

Mysteryquy the Ruffian (Troll Monk)                 Turns: 4091, Time: 00:12:09

Health: -3/80      AC:  5    Str: 22    XL:     8   Next: 54%
Magic:  7/7        EV: 12    Int:  6    God:
Gold:   209        SH:  0    Dex: 12    Spells: 0 memorised, 7 levels left

rFire  . . .     SeeInvis .       - Unarmed
rCold  . . .     Clarity  .     a - +0 robe
rNeg   . . .     SustAt   .     (no shield)
rPois  .         Gourm    +     (helmet restricted)
rElec  .         Spirit   .     (no cloak)
rCorr  .         Warding  .     (gloves unavailable)
rMut   .         Stasis   .     (boots unavailable)
MR     .....                    (no amulet)
Stlth  +.........               (no ring)
                                (no ring)

@: not resistant to hostile enchantments, very unstealthy
A: unfitting armour, claws 3, fast metabolism 3, gourmand, regeneration 2,
shaggy fur 1, tough skin 2
a: no special abilities


You were on level 6 of the Dungeon.
You were full.

You visited 2 branches of the dungeon, and saw 7 of its levels.
You also visited: Sewer.

You collected 209 gold pieces.

Inventory:

Armour
 a - a +0 robe (worn)
Jewellery
 t - a +2 ring of evasion {unknown}
 x - an uncursed amulet of clarity {unknown}
Scrolls
 c - 5 scrolls of identify {unknown}
 d - 3 scrolls of magic mapping {unknown}
 e - 2 scrolls of enchant weapon {unknown}
 h - 2 scrolls of enchant armour {unknown}
 i - 5 scrolls of fear {unknown}
 j - 5 scrolls of recharging {unknown}
 l - a scroll of random uselessness {unknown}
 q - a scroll of summoning {unknown}
 r - 2 scrolls of remove curse {unknown}
 s - a scroll of teleportation {unknown}
 v - a scroll of noise {unknown}
 y - a scroll of fog {unknown}
Potions
 g - 6 potions of curing {unknown}
 k - 2 potions of flight {unknown}
 m - 2 potions of heal wounds
 o - a potion of degeneration {unknown}
 u - 2 potions of brilliance {unknown}
 w - 2 potions of invisibility {unknown}
Books
 n - a book of the Earth

   Spells                             Type                      Level
   a - Leda's Liquefaction            Hexes/Earth                  4
   b - Bolt of Magma                  Conjuration/Fire/Earth       5
   c - Statue Form                    Transmutation/Earth          6
   d - Iron Shot                      Conjuration/Earth            6
   e - Shatter                        Earth                        9
 p - a book of Enchantments

   Spells                             Type                      Level
   a - Cause Fear                     Hexes                        4
   b - Silence                        Hexes/Air                    5
   c - Deflect Missiles               Charms/Air                   6
   d - Haste                          Charms                       6
   e - Discord                        Hexes                        8
Comestibles
 b - 5 bread rations
 f - 6 meat rations


   Skills:
 + Level 5.2 Fighting
 + Level 6.1 Dodging
 - Level 1.1 Stealth
 + Level 7.4 Unarmed Combat


You had 7 spell levels left.
You didn't know any spells.

Dungeon Overview and Level Annotations

Branches:
Dungeon (6/15)             Temple (1/1) D:5

Altars:
Ashenzari
Cheibriados
Elyvilon
Fedhas
Gozag
Kikubaaqudgha
Makhleb
Nemelex Xobeh
Okawaru
Ru
Sif Muna
Trog
Xom
Yredelemnul
Zin
The Shining One

Shops:
D:5 (

Annotations:
D:6 Mysteryquy's ghost, novice TrMo


Innate Abilities, Weirdness & Mutations

You are too large for most types of armour.
You have claws for hands.
Your metabolism is lightning-fast.
You like to eat raw meat.
You heal very quickly.
You are covered in fur (AC +1).
You have very tough skin (AC +2).


Message History

Mysteryquy's ghost barely misses you.
You scratch Mysteryquy's ghost but do no damage.
Mysteryquy's ghost is lightly damaged.
Mysteryquy's ghost hits you.
You scratch Mysteryquy's ghost.
Mysteryquy's ghost is lightly damaged.
Mysteryquy's ghost hits you.
You barely miss Mysteryquy's ghost.
Mysteryquy's ghost is lightly damaged.
You barely miss Mysteryquy's ghost.
Mysteryquy's ghost is lightly damaged.
Mysteryquy's ghost hits you!
You scratch Mysteryquy's ghost.
Mysteryquy's ghost is moderately damaged.
Mysteryquy's ghost hits you!
* * * LOW HITPOINT WARNING * * *
You closely miss Mysteryquy's ghost.
Mysteryquy's ghost is moderately damaged.
Mysteryquy's ghost hits you!!
You die...

.. .. .. #. ###.
#.. . ###.# ...
#..@####.....
#..#W.<......#
#...#...........
...#
#<.......### ##
##......##
########


You could see Mysteryquy's ghost.

Vanquished Creatures
  A kobold demonologist (Sewer)
  Grinder (D:4)
  An ogre (D:5)
  A big kobold (Sewer)
  A scorpion (D:5)
  2 crimson imps (D:4)
  A quasit (Sewer)
  7 orc wizards
  4 orc priests
  2 hounds
  2 worker ants (D:4)
  4 big kobold zombies (Sewer)
  11 adders
  2 shadow imps (Sewer)
  4 ufetubi (Sewer)
  6 oozes
  An adder skeleton (D:5)
  An adder zombie (Sewer)
  2 worms (D:2)
  5 giant geckos
  13 orcs
  A ball python (D:3)
  4 bats
  6 goblins
  6 hobgoblins
  9 jackals
  21 kobolds
  2 quokkas
  6 giant cockroaches
  A giant cockroach zombie (Sewer)
  A giant gecko skeleton (D:4)
  5 giant newts
  A jackal skeleton (D:5)
  2 kobold zombies (Sewer)
  A quokka skeleton (D:4)
  8 rats
146 creatures vanquished.

Notes
Turn   | Place    | Note
--------------------------------------------------------------
     0 | D:1      | Mysteryquy the Troll Monk began the quest for the Orb.
     0 | D:1      | Reached XP level 1. HP: 22/22 MP: 0/0
    46 | D:1      | Reached XP level 2. HP: 23/29 MP: 1/1
   407 | D:2      | Reached XP level 3. HP: 32/36 MP: 2/2
   716 | D:2      | Reached XP level 4. HP: 44/44 MP: 3/3
   805 | D:2      | Reached skill level 5 in Unarmed Combat
  1492 | D:3      | Found a bloodstained altar of Trog.
  1541 | D:3      | Reached XP level 5. HP: 50/53 MP: 4/4
  2036 | D:4      | Found a white marble altar of Elyvilon.
  2070 | D:4      | Reached XP level 6. HP: 32/61 MP: 5/5
  2251 | D:4      | Reached skill level 6 in Unarmed Combat
  2294 | D:4      | Found a glowing drain.
  2303 | Sewer    | Entered a sewer
  2420 | Sewer    | Reached XP level 7. HP: 47/68 MP: 6/6
  2553 | Sewer    | Found a burning altar of Makhleb.
  2665 | Sewer    | Noticed an apprentice kobold demonologist
  2674 | Sewer    | Killed an apprentice kobold demonologist
  2674 | Sewer    | Reached skill level 5 in Dodging
  3008 | D:4      | Found a snail-covered altar of Cheibriados.
  3075 | D:4      | Noticed Grinder
  3088 | D:4      | Killed Grinder
  3088 | D:4      | Reached skill level 7 in Unarmed Combat
  3088 | D:4      | Reached XP level 8. HP: 58/79 MP: 7/7
  3125 | D:5      | Entered Level 5 of the Dungeon
  3146 | D:5      | Found a staircase to the Ecumenical Temple.
  3157 | Temple   | Entered the Ecumenical Temple
  3287 | D:5      | Found an iron altar of Okawaru.
  3354 | D:5      | Found Kett's Antique Weapon Shop.
  3413 | D:5      | Reached skill level 5 in Fighting
  3499 | D:5      | Found a sparkling altar of Nemelex Xobeh.
  3726 | D:5      | Found an opulent altar of Gozag.
  4079 | D:6      | Noticed Mysteryquy's ghost (novice TrMo)
  4091 | D:6      | Slain by Mysteryquy's ghost

Action                   |  1- 3 |  4- 6 |  7- 9 || total
-------------------------+-------+-------+-------++-------
Melee: Unarmed           |    85 |   196 |   164 ||   445
 Stab: Sleeping          |     3 |     2 |       ||     5
  Eat: Chunk             |    11 |    12 |    16 ||    39
       Royal jelly       |       |       |     1 ||     1
